 Dungeon Crawl Stone Soup version 0.18.1-8-gdd0e5ea (webtiles) character file.

67 mindo the Magician (level 4, -4/27 HPs)
             Began as a High Elf Fire Elementalist on June 10, 2016.
             Slain by dvd's ghost (15 damage)
             ... on level 3 of the Dungeon.
             The game lasted 00:16:12 (2990 turns).

mindo the Magician (High Elf Fire Elementalist)     Turns: 2990, Time: 00:16:12

Health: -4/27      AC:  2    Str:  6 (7)  XL:     4   Next: 0%
Magic:  7/11       EV: 12    Int: 18 (19) God:
Gold:   129        SH:  0    Dex: 14 (16) Spells: 2 memorised, 7 levels left

rFire  . . .     SeeInvis .     i - +0 dagger (venom)
rCold  . . .     Gourm    .     a - +0 robe
rNeg   . . .     Faith    .     (no shield)
rPois  .         Spirit   .     (no helmet)
rElec  .         Dismiss  .     (no cloak)
rCorr  .         Reflect  .     (no gloves)
SustAt .         Harm     .     (no boots)
MR     .....                    (no amulet)
Stlth  ++........               (no ring)
                                (no ring)

@: very slightly contaminated, not resistant to hostile enchantments, unstealthy
A: no striking features
a: no special abilities


You were on level 3 of the Dungeon.
You were not hungry.

You visited 1 branch of the dungeon, and saw 3 of its levels.

You collected 129 gold pieces.

Inventory:

Hand Weapons
 i - a +0 dagger of venom (weapon)
Armour
 a - a +0 robe (worn)
 g - a cursed +0 robe
 m - a +0 leather armour
Jewellery
 f - an uncursed amulet of faith {unknown}
 q - a +2 ring of evasion {unknown}
 r - an uncursed ring of ice {unknown}
Wands
 n - a wand of enslavement (12/24)
Scrolls
 e - 6 scrolls of identify {unknown}
 j - a scroll of noise {unknown}
 k - a scroll of brand weapon {unknown}
 p - 2 scrolls of fear {unknown}
Potions
 d - a potion of heal wounds
Books
 b - a book of Flames

   Spells                             Type                      Level
   a - Flame Tongue                   Conjuration/Fire             1
   b - Throw Flame                    Conjuration/Fire             2
   c - Conjure Flame                  Conjuration/Fire             3
   d - Inner Flame                    Hexes/Fire                   3
   e - Sticky Flame                   Conjuration/Fire             4
   f - Fireball                       Conjuration/Fire             5
Comestibles
 c - a bread ration
 h - a meat ration
 l - a beef jerky


   Skills:
 - Level 2.2 Dodging
 - Level 2.3 Stealth
 + Level 4.3 Spellcasting
 - Level 1.3 Conjurations
 - Level 3.3 Fire Magic


You had 7 spell levels left.
You knew the following spells:

 Your Spells              Type           Power        Failure   Level  Hunger
a - Flame Tongue          Conj/Fire      ##...        8%          1    None
b - Conjure Flame         Conj/Fire      ##......     21%         3    ###....


Dungeon Overview and Level Annotations

Branches:
Dungeon (3/15)

Altars:
Vehumet

Annotations:
D:3 dvd's ghost, amateur HOGl


Message History

Press: ? - help, Shift-Dir - straight line, f/p - dvd's ghost
Aim: dvd's ghost (lightly damaged)
The flame tongue misses dvd's ghost.
Dvd's ghost hits you!
* * * LOW HITPOINT WARNING * * *
You hit dvd's ghost.
Dvd's ghost is lightly damaged.
Dvd's ghost misses you.
You miss dvd's ghost.
Dvd's ghost is lightly damaged.
Dvd's ghost closely misses you.
It was a potion of heal wounds.
You feel much better. Dvd's ghost hits you!
Ouch! That really hurt!
Casting: Flame Tongue
Confirm with . or Enter, or press ? or * to list all spells.
Aiming: Flame Tongue
Press: ? - help, Shift-Dir - straight line, f/p - dvd's ghost
Aim: dvd's ghost (lightly damaged)
You miscast Flame Tongue.
Nothing appears to happen.
Dvd's ghost hits you!
Ouch! That really hurt!
You die...

#######...h #####.......# #.
.......).#..# #.
##.##<##.#..###.
##.......#......##
...##........ ..# .#
##.##....†.## #.# ...#
......##.#.#####.# #...#
##............##@# #.=.#
......####(##.##W# #...#
......# #.##.##.####...####.
......## #........<..........
.......# #...................
......#######.#..............
......# #.....#######...####
...#### #.##### #...# ##.#
#...#


You could see dvd's ghost.

Vanquished Creatures
  An adder (D:2)
  An ooze (D:2)
  5 giant geckos
  A ball python (D:1)
  7 bats
  A giant cockroach (D:2)
  6 goblins
  9 hobgoblins
  3 quokkas
  A giant newt (D:1)
  5 kobolds
  4 rats
44 creatures vanquished.

Notes
Turn   | Place    | Note
--------------------------------------------------------------
     0 | D:1      | mindo the High Elf Fire Elementalist began the quest for the Orb.
     0 | D:1      | Reached XP level 1. HP: 11/11 MP: 4/4
   408 | D:1      | Reached XP level 2. HP: 6/17 MP: 3/6
   945 | D:1      | Reached skill level 3 in Spellcasting
  1437 | D:2      | Reached XP level 3. HP: 18/21 MP: 6/8
  1790 | D:2      | Learned a level 3 spell: Conjure Flame
  2087 | D:2      | Reached skill level 4 in Spellcasting
  2573 | D:2      | Found a radiant altar of Vehumet.
  2953 | D:3      | Reached XP level 4. HP: 27/27 MP: 9/11
  2958 | D:3      | Noticed dvd's ghost (amateur HOGl)
  2990 | D:3      | Slain by dvd's ghost

Skill      XL: |  1  2  3 |
---------------+----------+-----
Spellcasting   | 3 4 |  4.3
Dodging        | |  2.2
Stealth        | |  2.3
Conjurations   | |  1.3
Fire Magic     | |  3.3

Action                   |  1- 3 |  4- 6 || total
-------------------------+-------+-------++-------
Melee: Dagger            |    24 |     2 ||    26
       Mace              |     5 |       ||     5
 Cast: Flame Tongue      |    63 |     4 ||    67
  Use: Potion            |       |     2 ||     2
  Eat: Meat ration       |     1 |       ||     1
       Beef jerky        |     1 |       ||     1
Armor: Robe              |    22 |       ||    22
Dodge: Dodged            |    51 |     4 ||    55
